 Dungeon Crawl Stone Soup version 0.27-a0-1545-g3eddc1d3d3 (webtiles) character file.

Game seed: 17000299876493813702

25 Delamore the Skirmisher (level 3, -2/30 HPs)
             Began as a Formicid Fighter on July 13, 2021.
             Slain by an adder (4 damage)
             ... on level 2 of the Dungeon.
             The game lasted 00:00:39 (837 turns).

Delamore the Skirmisher (Formicid Fighter)           Turns: 837, Time: 00:00:40

Health: -2/30      AC:  6    Str: 21    XL:     3   Next: 20%
Magic:  3/3        EV:  8    Int:  7    God:
Gold:   55         SH:  0    Dex: 10    Spells: 2/2 levels left

rFire    . . .     SeeInvis +   a - +0 quarterstaff
rCold    . . .     Faith    .   c - +0 kite shield
rNeg     . . .     Spirit   .   b - +0 scale mail
rPois    .         Reflect  .   (helmet unavailable)
rElec    .         Harm     .   (no cloak)
rCorr    .         Rampage  .   (no gloves)
Will     .....                  (no boots)
Stlth    ..........             (no amulet)
HPRegen  0.10/turn              (no ring)
MPRegen  0.08/turn              (no ring)

@: confused
A: permanent stasis, dig shafts and tunnels, antennae 3, four strong arms
a: Dig, Shaft Self


You were on level 2 of the Dungeon.
You visited 1 branch of the dungeon, and saw 2 of its levels.

You collected 55 gold pieces.

Inventory:

Hand Weapons
 a - a +0 quarterstaff (weapon)
Missiles
 e - 6 poisoned darts
Armour
 b - a +0 scale mail (worn)
 c - a +0 kite shield (worn)
Scrolls
 g - a scroll of identify {unknown}
 h - a scroll of immolation {unknown}
 i - a scroll of silence {unknown}
Potions
 d - a potion of might
 f - a potion of magic {unknown}


   Skills:
 + Level 3.7 Fighting
 * Level 3.0 Staves
 - Level 3.2 Armour
 - Level 3.6 Shields


You had 2 spell levels left.
You didn't know any spells.
Your spell library was empty.

Dungeon Overview and Level Annotations

Branches:
Dungeon (2/15)

Altars:


Innate Abilities, Weirdness & Mutations

You cannot be hasted, slowed, berserked, paralysed or teleported.
You can dig through walls and to a lower floor.
You have a pair of large antennae on your head. (SInv)
Your four strong arms can wield two-handed weapons with a shield.


Message History

You hit Sigmund but do no damage.
Sigmund casts a spell.
Sigmund flickers and vanishes for a moment.
You closely miss Sigmund. Sigmund gestures at you while chanting.
The puff of flame hits you!
You sock Sigmund!
Sigmund is moderately wounded.
You block Sigmund's attack. Sigmund barely misses you.
You thump Sigmund!
Sigmund is severely wounded.
An adder comes into view.
Sigmund hits you but does no damage.
The adder hisses angrily.
You hit Sigmund.
Sigmund is almost dead.
Sigmund hits you but does no damage.
Your shield and scale mail prevent you from hitting Sigmund.
Sigmund is almost dead.
Sigmund hits you with a +0 scythe. Sigmund hits you with a +0 scythe!
* * * LOW HITPOINT WARNING * * *
You hit Sigmund.
Sigmund is almost dead.
Sigmund hits you but does no damage.
You closely miss Sigmund.
Sigmund is almost dead.
You block Sigmund's attack. The adder bites you.
* * * LOW HITPOINT WARNING * * *
You hit Sigmund.
Sigmund is almost dead.
The adder bites you but does no damage. Sigmund casts a spell at you.
You are confused.
The adder closely misses you. Sigmund casts a spell at you.
You resist with some effort.
You thump Sigmund!
You kill Sigmund!
The adder bites you.
You die...

{
####
#@)#
#S##{
{ #.#
#.#
#.#
#.#
#.#
#.#


You could see an adder.

Vanquished Creatures
  Sigmund (D:2)
  A dart slug (D:1)
  4 bats (D:1)
  2 endoplasms (D:1)
  3 giant cockroaches (D:1)
  A goblin (D:1)
  A hobgoblin (D:1)
  3 kobolds (D:1)
  A quokka (D:1)
  2 ball pythons (D:1)
  A frilled lizard (D:1)
  3 rats (D:1)
23 creatures vanquished.

Vanquished Creatures (others)
  A hobgoblin (D:1)
1 creature vanquished.

Grand Total: 24 creatures vanquished

Notes
Turn   | Place    | Note
-------+----------+-------------------------------------------
     0 | D:1      | Delamore the Formicid Fighter began the quest for the Orb.
     0 | D:1      | Reached XP level 1. HP: 18/18 MP: 1/1
   105 | D:1      | Reached XP level 2. HP: 23/24 MP: 2/2
   468 | D:1      | Reached XP level 3. HP: 30/30 MP: 3/3
   508 | D:1      | Found a faded altar of an unknown god.
   827 | D:2      | Noticed Sigmund
   837 | D:2      | Killed Sigmund
   837 | D:2      | Slain by an adder

Illustrated notes

Levels and vault maps discovered:
D:1:      lemuel_arrival_muddy, layout_loops_ring,
          dreamdust_ecumenical_altar_statues, serial_park_tiny_pond
D:2:      layout_basic, uniq_sigmund

Skill      XL: |  1  2  3 |
---------------+----------+-----
Staves         | 3 |  3.0
Fighting       | |  3.7
Armour         | |  3.2
Shields        | |  3.6

Action                   || total
-------------------------++-------
Melee: Quarterstaff      ||    77
Armor: Scale mail        ||    46
Dodge: Dodged            ||    28
Block: Kite shield       ||    44

Table legend: (Time is in decaauts)
 A = Elapsed time spent in this place.
 B = Non-inter-level travel time spent in this place.
 C = Inter-level travel time spent in this place.
 D = Time resting spent in this place.
 E = Time spent auto-exploring this place.
 F = Levels seen in this place.
 G = Mean time per level.
                   A        B        C        D        E       F      G
               +--------+--------+--------+--------+--------+-----+--------+
         Total |    863 |    824 |     39 |      0 |    649 |   2 |  431.5 |
       Dungeon |    863 |    824 |     39 |      0 |    649 |   2 |  431.5 |
               +--------+--------+--------+--------+--------+-----+--------+

Top non-repeatable levels by time:
     D:1: 850 daAuts
     D:2: 12 daAuts
